[Event "44th Chess Olympiad Open 2022"]
[Site "Chennai"]
[Date "2022.08.07"]
[Round "9.46"]
[White "Al Qudaimi, Basheer"]
[Black "Andrianiaina, Heritiana"]
[Result "1-0"]
[WhiteElo "2424"]
[BlackElo "2095"]
[Annotator "TA"]
[PlyCount "87"]
[EventDate "2022.??.??"]
[TimeControl "60"]

1. e4 c5 2. c4 Nc6 3. Nf3 e5 4. d3 d6 5. h3 f5 6. Nc3 {[%emt 0:00:22] B30: Sicilian: 2...Nc6 3 Bb5, lines without ...g6.} Nf6 7. a3 Be7 8. exf5 {[%emt 0:
00:00] The position is equal.} Bxf5 {[%emt 0:01:05] [#]} 9. g4 $146 ({Predecessor:} 9. Be3 d5 10. cxd5 Nxd5 11. Nxd5 Qxd5 12. Be2 Rd8 13.
Qc2 Bxd3 14. Bxd3 Qxd3 15. Qxd3 Rxd3 {0-1 (36) Martindale,R (710)-Andraschko,F
(2179) LSS email 2012}) 9... Be6 10. Bg2 O-O 11. Ng5 Bd7 12.
Nd5 Kh8 13. Nxf6 gxf6 14. Ne4 f5 15. gxf5 Bxf5 16. Be3 Rb8 17.
Ng3 Be6 18. Bd5 (18. Bxc6
$17 bxc6 19. Qc2) 18... Bxd5 $19 19. cxd5 Nd4 20. Bxd4 cxd4 ({Inferior is
} 20... exd4 21. Ne4 $17) 21. b4 Rf4 {[%emt 0:09:30] aiming
for ...Qg8.} 22. Rg1 {[%emt 0:06:15] [#]} Qc8 (22... Qd7 $1
$17 {White must now prevent ...Bh4.} 23. Ne4 Qxh3) 23. Rc1 $1 $11 Qxh3 {[%emt 0:08:45] Threatens to win with ...Bh4.} 24. Rc2 $2 (24. Qh5 $11 {and White is okay.} Qxh5 25. Nxh5) 24... Rg8 (24... Rbf8 $19 {Strongly threatening ...Rf3.} 25. Qh5 Rh4) 25. Qe2 {
[%emt 0:05:00] Against Rf3} ({White has to play} 25. Rh1 $15 Qd7 26. Qh5) 25...
Bd8 ({Black should try} 25... Bh4 $19 26. Qh5
Qd7) 26. Rh1 $15 Qd7 {[%emt 0:00:40] Hoping for ...a5.} 27.
Qh5 $1 Rg5 (27... Rf7 $15 28. Ne4 Rfg7) 28.
Qh6 $11 Kg8 29. Ne4 Rg6 30. Qh3 Qxh3 31. Rxh3 Rf8 ({But not} 31... Rg1+ 32. Ke2 $14) (31...
Rf7 $1 $11) 32. Rg3 $16 Rxg3 33. fxg3 {
[%emt 0:00:01] Endgame KRB-KRN} Bb6 34. Ke2 Rd8 {[%emt 0:00:26] [#]} (34... Rf7 $16) 35. a4 $1 $18 a5 36. Rb2 axb4 37. Rxb4 Bc5 (37... Bc7 38. Rxb7 Rc8) 38. Rxb7 Ra8 39. Nf6+ Kf8 40. Rxh7 {[%emt 0:00:10] And now Rh8+ would win.} Rxa4 41. g4 (41. Kf3 $142) 41... Ra1 $2 (41... Ra7
42. Nd7+ Kg8) 42. g5 Rg1 43. Rb7 {[%emt 0:00:
00] Threatening mate with Kf2.} Rg2+ 44. Kf3 {[%emt 0:00:00]
White used his chance. Weighted Error Value: White=0.29 (precise) /Black=0.55}
1-0

[Event "44th Chess Olympiad Open 2022"]
[Site "Chennai"]
[Date "2022.08.07"]
[Round "9.46"]
[White "Al-Aqrabi, Saleh"]
[Black "Rakotomaharavo, Dylan"]
[Result "0-1"]
[WhiteElo "2172"]
[BlackElo "1948"]
[Annotator "RC"]
[PlyCount "122"]
[EventDate "2022.??.??"]
[TimeControl "60"]

1. d4 Nf6 2. Bf4 d5 3. e3 Bf5 4. Nd2 e6 5. c3 Bd6 6. Bg3 O-O 7. Ngf3 c5 8. Qb3 b6 9. Be2 Nc6 10. O-O Qc7 11. Rfe1 h6 12. Bf1 e5 13. dxe5 Nxe5 14. Nxe5 Bxe5 15. Nf3 Bxg3 16. hxg3 Rad8 17. a4 a5 18. Red1 Rd6 19. c4 Rfd8 20. cxd5 Nxd5 21. Bc4 Nb4 22. Rxd6 Rxd6 23. Qc3 Qd8 24. Qe5 Be6 25. Bb5 Rd5 26. Qc3 Qd6 27. Kh2 Bg4 28. e4 Rh5+ 29. Kg1 Bxf3 30. gxf3 Re5 31. Qb3 Re7 32. Rd1 Qc7 33. Rd2 Kh7 34. Qd1 Qe5 35. Bc4 Nc6 36. f4 Qc7 37. e5 Nd4 38.
Qb1+ g6 39. Qe4 Qd7 40. Rd3 Qxa4 41. b3 Qd7 42. Qa8 b5 43.
Bd5 Re8 44. Qb7 Qxb7 45. Bxb7 Kg7 46. Kf1 Re7 47. Ba6 Rc7 48. Rc3 Kf8 49. g4 Ke7 50. f5 gxf5 51. gxf5 b4 52. f6+ Ke6 53. Re3 c4 54. Bxc4+ Rxc4 55. bxc4 b3 56. f4 a4 57. Re1 b2 58. f5+ Kxf5 59. e6 Nxe6 60. Ke2 a3 61. Kd3 a2 0-1

[Event "44th Chess Olympiad Open 2022"]
[Site "Chennai"]
[Date "2022.08.07"]
[Round "9.46"]
[White "Razanadrakotoarisoa, Toavina"]
[Black "Al-Zendani, Zendan"]
[Result "1/2-1/2"]
[WhiteElo "2039"]
[BlackElo "2284"]
[Annotator "RC"]
[PlyCount "109"]
[EventDate "2022.??.??"]
[TimeControl "60"]

1. e4 c5 2. Nf3 Nc6 3. d4 cxd4 4. Nxd4 Nf6 5. Nc3 e5 6.
Ndb5 d6 7. Nd5 Nxd5 8. exd5 Ne7 9. c4 Nf5 10. Bd3 Be7 11.
O-O a6 12. Nc3 O-O 13. Kh1 g6 14. b3 Ng7 15. f4 exf4 16. Bxf4 f5 17. Qc2 Bf6 18. Rae1 Nh5 19. Bh6 Bg7 20. Bxg7 Nxg7 21. Ne2 Bd7 22. Qd2 Re8 23. Qb4 Qc7 24. Nd4 b6 25. Nf3 Rxe1 26. Rxe1 Re8 27. Qd2 a5 28. Rxe8+ Bxe8 29. Qg5 Bf7 30. Qh4 Qc5 31. Qe7 h6 32. Qd8+ Kh7 33. Qf6 Qe3 34. Qxf7 Qxd3 35. Qc7 Qb1+ 36. Ng1 Qxa2 37. Qxb6 Qa3 38. Nf3 g5 39. Qe3 a4 40. Nd4 f4 41. Qd3+ Kg8 42. Qc3 Qa2 43. h3 a3 44. Ne6 Qb2 45. Qa5 a2 46. Qd8+ Kf7 47. Qd7+ Kg8 48.
Qd8+ Kf7 49. Qd7+ Kg8 50. Qd8+ Kf7 51. Qd7+ Kg6 52. Nf8+ Kf6 53. Nh7+ Ke5 54. Qxg7+ Kf5 55. Qd7+ 1/2-1/2

[Event "44th Chess Olympiad Open 2022"]
[Site "Chennai"]
[Date "2022.08.07"]
[Round "9.46"]
[White "Rajerison, Mananihaja Charly"]
[Black "Al Harazy, Khalid"]
[Result "0-1"]
[WhiteElo "1912"]
[BlackElo "2149"]
[Annotator "RC"]
[PlyCount "110"]
[EventDate "2022.??.??"]
[TimeControl "60"]

1. e4 e5 2. Nf3 Nc6 3. Bc4 Bc5 4. c3 Nf6 5. d3 d6 6. Nbd2 h6 7. a4 a5 8. h3 O-O 9. Qe2 Be6 10. g3 Qc8 11. g4 d5 12. exd5 Nxd5 13.
Ne4 Be7 14. Rg1 f6 15. Nh4 Qd7 16. Nf5 Rad8 17. h4 Nf4 18. Bxe6+ Nxe6 19. Rg3 Nf4 20. Bxf4 exf4 21. Rg1 Qxd3 22. Nxe7+ Nxe7 23. Qxd3 Rxd3 24. Nc5 Rd5 25. Nb3 Ng6 26. Rh1 Re8+ 27. Kf1 Ne5 28. Re1 Red8 29. g5 fxg5 30. hxg5 hxg5 31. Nd4 Kf7 32. Rg1 Rxd4 33. Rxe5 Rd1+ 34. Re1 Kf6 35. Kg2 Rxe1 36. Rxe1 Rd2 37. Rb1 g4 38. b4 axb4 39. Rxb4 g5 40. Kg1 b6 41. Rc4 c5 42. a5 bxa5 43. Rxc5 a4 44. Ra5 Ra2 45. c4 a3 46. c5 f3 47. c6 Rc2 48. Rxa3 Rxc6 49. Ra2 Rc1+ 50. Kh2 Kg6 51. Ra6+ Kh5 52. Ra4 Rf1 53. Ra2 Kh4 54. Ra8 Rxf2+ 55. Kg1 g3 0-1

[Event "44th Chess Olympiad Open 2022"]
[Site "Chennai"]
[Date "2022.08.07"]
[Round "9.47"]
[White "Cu Hor, Winston Darwin"]
[Black "Aziz, Husain"]
[Result "1/2-1/2"]
[WhiteElo "2328"]
[BlackElo "2380"]
[Annotator "RC"]
[PlyCount "72"]
[EventDate "2022.??.??"]
[TimeControl "60"]

1. Nf3 d5 2. c4 e6 3. g3 Nf6 4. Bg2 Be7 5. O-O O-O 6. d3 c5 7. b3 Nc6 8. e3 b6 9. Bb2 Bb7 10. Nc3 dxc4 11. bxc4 Qc7 12. Qe2 Rfd8 13. Rad1 a6 14. Ne1 Ne8 15. f4 Nd6 16. Ne4 Nxe4 17. Bxe4 Na5 18. Bxb7 Nxb7 19. f5 exf5 20. Rxf5 b5 21. Ng2 bxc4 22. Nf4 Nd6 23. Nd5 Qb7 24. Re5 Bf8 25. Rg5 h6 26. Nf6+ Kh8 27. dxc4 Ne4 28. Rxd8 Rxd8 29. Rd5 Rxd5 30. Nxd5 Nd6 31. Qc2 Qc8 32. Be5 Qg4 33. Bxd6 Bxd6 34. Qd3 Qg5 35. Qe4 g6 36. Kg2 Kg7 1/2-1/2

[Event "44th Chess Olympiad Open 2022"]
[Site "Chennai"]
[Date "2022.08.07"]
[Round "9.47"]
[White "Al-Sulaiti, Ghanem"]
[Black "Juarez Flores, Carlos A."]
[Result "0-1"]
[WhiteElo "2183"]
[BlackElo "2335"]
[Annotator "RC"]
[PlyCount "100"]
[EventDate "2022.??.??"]
[TimeControl "60"]

1. e4 c6 2. d4 d5 3. exd5 cxd5 4. Bd3 Nc6 5. c3 Nf6 6. h3 e5 7. dxe5 Nxe5 8. Nf3 Nxd3+ 9. Qxd3 Be7 10. O-O O-O 11. Nbd2 Qb6 12. Nb3 a5 13. Be3 Qc7 14. Rfe1 Be6 15. Nbd4 Ra6 16. Rad1 Ne4 17. Nd2 Nc5 18. Qc2 Bf6 19. Nb5 Qc8 20. Bd4 Bf5 21. Qc1 Nd3 22. Qa1 Nxe1 23. Rxe1 Bxd4 24. Nxd4 Rg6 25. Kh2 Qc7+ 26. Kh1 Qf4 27. Re3 Qxf2 28. Re2 Qf4 29. Qe1 Bc8 30. N2f3 Qg3 31. Qxg3 Rxg3 32. Re7 Rg6 33. Ne5 Rf6 34. Kg1 Rd8 35. Rc7 h6 36. b3 Re8 37. Nd3 b6 38.
Nc6 Bf5 39. Nde5 Be4 40. Nd7 Rfe6 41. b4 Kh7 42. b5 h5 43.
Kf2 h4 44. g4 hxg3+ 45. Kxg3 Bd3 46. a4 Re3+ 47. Kf2 Re2+ 48. Kf3 R8e3+ 49. Kf4 Kh6 50. h4 f6 0-1

[Event "44th Chess Olympiad Open 2022"]
[Site "Chennai"]
[Date "2022.08.07"]
[Round "9.47"]
[White "Lorenzana, Wilson Estuardo"]
[Black "Al-Homaid, Abdulla"]
[Result "1-0"]
[WhiteElo "2182"]
[BlackElo "1358"]
[Annotator "RC"]
[PlyCount "69"]
[EventDate "2022.??.??"]
[TimeControl "60"]

1. e4 e5 2. Nf3 Nc6 3. Bc4 Bc5 4. c3 Nf6 5. d3 d6 6. O-O h6 7. a4 a5 8. h3 O-O 9. Qb3 Qe7 10. Be3 Be6 11. Nbd2 Bxc4 12. Nxc4 b6 13. Rae1 Rad8 14. Nh4 Qd7 15. Bxc5 dxc5 16. Re3 Nh5 17. Kh2 Qe6 18. g3 Ne7 19. Qd1 g6 20. Qg4 Nc6 21. Qxe6 fxe6 22. Nxg6 Rf6 23. Ngxe5 Nxe5 24. Nxe5 Rd6 25. f4 Kg7 26. Ref3 Rf8 27. g4 Nf6 28. h4 Nd7 29. Nc4 Rc6 30. e5 Rf7 31. h5 Nf8 32. Kg3 Nh7 33.
Kh4 Rf8 34. g5 Rf5 35. g6 1-0

[Event "44th Chess Olympiad Open 2022"]
[Site "Chennai"]
[Date "2022.08.07"]
[Round "9.47"]
[White "Erfan Mohamad Firdaus"]
[Black "Galvez Dastin, Eduardo"]
[Result "1-0"]
[WhiteElo "1294"]
[BlackElo "2152"]
[Annotator "ChessBase"]
[PlyCount "75"]
[EventDate "2022.??.??"]
[TimeControl "60"]

1. e4 c6 2. d4 d5 3. exd5 cxd5 4. Bd3 Nc6 5. c3 Qc7 6. h3 e6 7. Nf3 Bd6 8. Nbd2 Nf6 9. O-O O-O 10. Re1 Bd7 11. Nf1 Rab8 12. Bg5 b5 13.
Qd2 Nh5 14. Bc2 f6 15. Be3 b4 16. cxb4 Nxb4 17. Bb1 Nf4 18. a3 Nc6 19. g3 Nxh3+ 20. Kg2 g5 21. Qd3 Rf7 22. N1h2 e5 23. dxe5 Nxe5 24. Qd4 Nxf3 25. Nxf3 Be5 26. Qxd5 g4 27. Nxe5 fxe5 28. Rc1 Qxc1 29. Bxh7+ Kg7 30. Qxe5+ Kxh7 31. Rxc1 Re8 32. Qh5+ Kg8 33.
Bd4 Rxf2+ 34. Bxf2 Re2 35. Qd5+ Be6 36. Qd8+ Kg7 37. Rc7+ Kg6 38. Qd3+ 1-0

[Event "44th Chess Olympiad Open 2022"]
[Site "Chennai"]
[Date "2022.08.07"]
[Round "9.48"]
[White "Thing, Bibek"]
[Black "Sanchez Alvarez, Roberto Carlos"]
[Result "1/2-1/2"]
[WhiteElo "2260"]
[BlackElo "2431"]
[Annotator "TA"]
[PlyCount "76"]
[EventDate "2022.??.??"]
[TimeControl "60"]

1. e4 c5 2. Nf3 Nc6 3. Bb5 g6 4. O-O Bg7 5.
Bxc6 bxc6 6. Nc3 e5 7. d3 Ne7 8. Be3 d6 9. Qd2 {[%emt 0:00:10] B31: Sicilian: 2...Nc6 3 Bb5
g6.} h6 10. Ne1 {[%emt 0:06:20] [#]} Rb8 $146 ({Predecessor:} 10... g5 11. a3 a5 12. f3 f5 13. exf5 Nxf5 14. Bf2 O-O 15. Ne4
Nd4 16. Qd1 Ba6 {½-½ (90) Vedmediuc,S (2414)-Maze,S (2579) Budva 2009}) 11.
Na4 {[%emt 0:08:12] Black is slightly better.} f5 12. f3 f4 13. Bf2 g5
$36 {[%emt 0:00:38] Black is more active.} 14. c3 Ng6 15. Nc2 (15. b4 $15) 15... g4 $17 16. fxg4 Qg5 17. Ne1 Bxg4 ({Not} 17... Qxg4 18. b4 $15) 18. b3 ({
White should play} 18. a3) 18... O-O 19. Nb2 Rbd8 20. Kh1 Qh5 21. Bg1 Nh4 22. Nd1 (22. Bf2 $17)
22... Rd7 23. Bf2 (23. h3 $142) 23... Ng6 24. Bg1 Nh4 25. Bf2 $1 Ng6 26. Bg1 $1 d5 {[%emt 0:
00:11] [#] ...dxe4 is the strong threat.} 27. exd5 (27. Bxc5
dxe4 28. Bxf8 Nxf8 29. Nb2) 27... cxd5 28. Bxc5 Rc8 29. Bg1 (29. d4 $142) 29... e4 30. Rc1 (30. Bd4 $142) 30... Be2 $2 {[%emt 0:
06:48] This bishop pair is nice.} (30... Be5 $19 {has better winning chances.}
31. d4 Bd6) 31. Rf2 Bg4 (31... Bxd1 $17 32.
Qxd1 Qxd1 33. Rxd1 e3) 32. Rf1 $1 $19 Be2 $2 (32... Be5 $19 {is more deadly.} 33. d4 Bd6) 33. Rf2 $17 Bg4 (33... Bxd1 $17 34. Qxd1 Qxd1 35. Rxd1 e3) 34. Rf1 $1 $19 Re8 35. d4 Be2 36. Rf2 Bg4 {[%emt 0:00:00] [#] Strongly threatening ...
e3.} 37. Rf1 $1 Be2 38. Rf2 Bg4 $2 {[%emt 0:00:52] Weighted Error Value: White=0.24 (precise) /Black=0.78}
(38... Ba6 $19 39. Qb2 Rde7) 1/2-1/2

[Event "44th Chess Olympiad Open 2022"]
[Site "Chennai"]
[Date "2022.08.07"]
[Round "9.48"]
[White "Leon Archibaldo, Orlando Andres"]
[Black "Jaiswal, Rupesh"]
[Result "0-1"]
[WhiteElo "2193"]
[BlackElo "2083"]
[Annotator "RC"]
[PlyCount "54"]
[EventDate "2022.??.??"]
[TimeControl "60"]

1. e4 c5 2. Nf3 d6 3. d4 cxd4 4. Nxd4 Nf6 5. Nc3 a6 6. Bg5 e6 7. Qf3 Nbd7 8. O-O-O Qc7 9. Qg3 Be7 10. f4 b5 11. a3 Bb7 12. Bd3 h6 13.
Bxf6 Bxf6 14. Bxb5 axb5 15. Ndxb5 Qb6 16. Nxd6+ Kf8 17. e5 Be7 18. Nxf7 Kxf7 19. Rxd7 Rhe8 20. f5 exf5 21. e6+ Kg8 22. Qg6 Kh8 23. Re1 Bc6 24. Rd3 Bg5+ 25. Kb1 Rxa3 26. Nd5 Ra1+ 27. Kxa1 Qa5+ 0-1

[Event "44th Chess Olympiad Open 2022"]
[Site "Chennai"]
[Date "2022.08.07"]
[Round "9.48"]
[White "Ramos Espinoza, Efren Andres"]
[Black "Lama, Milan"]
[Result "0-1"]
[WhiteElo "2158"]
[BlackElo "2024"]
[Annotator "RC"]
[PlyCount "116"]
[EventDate "2022.??.??"]
[TimeControl "60"]

1. d4 d5 2. Nf3 Nf6 3. c4 dxc4 4. g3 c5 5. Bg2 Nc6 6. Qa4 cxd4 7. Nxd4 Qxd4 8. Bxc6+ Bd7 9. Bxd7+ Qxd7 10. Qxc4 Rc8 11. Qf4 Nd5 12. Qd2 Qh3 13. Qxd5 Rxc1+ 14. Kd2 Rc6 15. Ke1 e6 16. Qf3 Bb4+ 17. Nc3 O-O 18. Rd1 Rfc8 19. Rd7 f5 20. Qd3 Ba5 21. Qd4 Qh6 22. Kf1 Bb6 23. Qf4 Qf6 24. Kg2 Rc4 25. Qf3 R4c7 26. Rhd1 g5 27. Ne4 Qg6 28. Rd8+ Rxd8 29. Rxd8+ Kg7 30. Nd6 Re7 31. Qc3+ e5 32. Rg8+ Kxg8 33. Qc8+ Kg7 34. Nxf5+ Kf7 35. Nxe7 Qe4+ 36. f3 Qxe2+ 37. Kh3 Kxe7 38. Qxb7+ Kd6 39. Qb8+ Ke6 40. Qg8+ Kd6 41. Qf8+ Kc6 42. Qc8+ Kd6 43. Qf8+ Kd5 44. b4 Kd4 45. Qf5 h5 46. Qxg5 Qxf3 47. Qd2+ Ke4 48. a4 Kf5 49. Qd7+ Kg6 50. Qe8+ Qf7 51. Qc6+ Qf6 52. Qe8+ Kh6 53. a5 Be3 54. Qb5 Kg5 55. Qe2 Qf5+ 56. Kg2 Qe4+ 57. Qf3 Qxf3+ 58. Kxf3 Bd2 0-1

[Event "44th Chess Olympiad Open 2022"]
[Site "Chennai"]
[Date "2022.08.07"]
[Round "9.48"]
[White "Bhandari, Kshitiz"]
[Black "Delgado Rosas, Alex Antonio"]
[Result "1/2-1/2"]
[WhiteElo "2071"]
[BlackElo "2149"]
[Annotator "NA"]
[PlyCount "89"]
[EventDate "2022.??.??"]
[TimeControl "60"]

1. Nf3 g6 2. e4 c5 3. d4 cxd4 4. Nxd4 Nf6 5. Nc3 Nc6 6. Bc4 Bg7 7. Be3 Qa5 8. Nxc6 dxc6 9. O-O Ng4 10. Bf4 g5 11. Bg3 h5 12. h4 b5 13. Bb3 gxh4 14. Bxh4 b4 15. Ne2 Ba6 16. Ng3 Bxf1 17. Qxf1 Qc7 18. Qc4 e6 19. Qxb4 Bf6 20. Bxf6 Nxf6 21. Qc3 Rh6 22. e5 h4 23. Ne2 Nd5 24. Bxd5 exd5 25. Nd4 O-O-O 26. Re1 Rg8 27. Kf1 h3 28. gxh3 Rhg6 29. Re3 c5 30. Nb5 d4 31. Qd3 Qa5 32. Rg3 Rxg3 33. fxg3 Qxa2 34. Nd6+ Kd8 35. Nb7+ Kc7 36. Nxc5 Qxb2 37. Ne4 Qc1+ 38. Kg2 Qe3 39. Qc4+ Kb8 40. Qb5+ Ka8 41. Qc6+ Kb8 42. Qb5+ Ka8 43. Qc6+ Kb8 44. Qb5+ Ka8 45. Qc6+ 1/2-1/2

[Event "44th Chess Olympiad Open 2022"]
[Site "Chennai"]
[Date "2022.08.07"]
[Round "9.49"]
[White "Liyanage, Ranindu Dilshan"]
[Black "Salih, Akar Ali Salih"]
[Result "1-0"]
[WhiteElo "2286"]
[BlackElo "2243"]
[Annotator "RC"]
[PlyCount "89"]
[EventDate "2022.??.??"]
[TimeControl "60"]

1. e4 c5 2. Nc3 Nc6 3. Bb5 Nd4 4. Bc4 g6 5. Nge2 Bg7 6.
Nxd4 cxd4 7. Qf3 Nh6 8. Ne2 O-O 9. d3 d6 10. Nxd4 Ng4 11. c3 Ne5 12. Qe2 Nxc4 13. dxc4 Bd7 14. Be3 a6 15. O-O Qc7 16. Rfd1 Rac8 17. b3 Rfe8 18. Qd2 b5 19. cxb5 axb5 20. Rac1 Qb7 21. f3 Rc7 22. Ne2 Rec8 23. Bd4 e5 24. Be3 Bf8 25. Ng3 Be6 26. f4 exf4 27. Bxf4 Rd7 28. Be3 d5 29. e5 Ba3 30. Rc2 Qc7 31. Bd4 Qd8 32. b4 Rdc7 33.
Rb1 Rc4 34. Rb3 Ra8 35. Qd1 Qg5 36. Rd2 h5 37. Nf1 Bf5 38.
Ne3 Be4 39. Nc2 Bc1 40. Qxc1 Rxa2 41. Be3 Qg4 42. Ne1 Rxd2 43. Qxd2 Rc6 44. Ra3 h4 45. h3 1-0

[Event "44th Chess Olympiad Open 2022"]
[Site "Chennai"]
[Date "2022.08.07"]
[Round "9.49"]
[White "Abdulwahhab, Ahmed Abdulsattar A"]
[Black "Alahakoon, Isuru"]
[Result "0-1"]
[WhiteElo "2251"]
[BlackElo "2000"]
[Annotator "RC"]
[PlyCount "98"]
[EventDate "2022.??.??"]
[TimeControl "60"]

1. e4 c5 2. Nf3 Nc6 3. Nc3 g6 4. d4 cxd4 5. Nxd4 Bg7 6. Be3 Nf6 7. Bc4 O-O 8. Bb3 d6 9. f3 Bd7 10. Qd2 Nxd4 11. Bxd4 b5 12. h4 h5 13. Nd5 e6 14. Nxf6+ Bxf6 15. O-O-O a5 16. a3 b4 17. Bxf6 Qxf6 18.
a4 Rfd8 19. Qe3 Bc6 20. Kb1 Qe5 21. Rd4 Rd7 22. Rhd1 Rad8 23. R1d3 Qg3 24. Qg5 Qxg5 25. hxg5 e5 26. Rc4 Bb7 27. Rd2 Kf8 28.
c3 d5 29. Rc5 dxe4 30. Rxd7 Rxd7 31. Rxa5 exf3 32. gxf3 h4 33.
Rxe5 Re7 34. Rxe7 Kxe7 35. Bc4 h3 36. Bf1 h2 37. Bg2 f6 38.
gxf6+ Kxf6 39. Kc2 g5 40. Kd3 g4 41. Ke3 gxf3 42. Bh1 b3 43.
a5 Ke5 44. a6 Ba8 45. a7 f2 46. Kxf2 Bxh1 47. Kg3 Ba8 48. Kxh2 Ke4 49. Kg3 Kd3 0-1

[Event "44th Chess Olympiad Open 2022"]
[Site "Chennai"]
[Date "2022.08.07"]
[Round "9.49"]
[White "Ahmed, Ali Layth Ahmed"]
[Black "De Silva, L M S T.."]
[Result "0-1"]
[WhiteElo "2249"]
[BlackElo "2212"]
[Annotator "RC"]
[PlyCount "88"]
[EventDate "2022.??.??"]
[TimeControl "60"]

1. d4 Nf6 2. Nf3 e6 3. c4 d5 4. e3 Be7 5. b3 O-O 6. Bd3 c5 7. O-O cxd4 8. exd4 Nc6 9. Nc3 b6 10. Bb2 Bb7 11. Rc1 Rc8 12. a3 Re8 13.
Ne2 Bf8 14. Ng3 g6 15. Re1 Bh6 16. Rc2 dxc4 17. bxc4 Bg7 18. h4 Qd6 19. c5 Qe7 20. h5 Red8 21. hxg6 hxg6 22. cxb6 axb6 23. Rce2 Qd6 24. Bxg6 fxg6 25. Rxe6 Qd5 26. Qb1 Re8 27. Rxe8+ Rxe8 28. Rxe8+ Nxe8 29. Qxg6 Qf7 30. Qg5 Qe7 31. Qb5 Nd6 32. Qb3+ Qf7 33. d5 Na5 34. Qb4 Nac4 35. Bxg7 Qxg7 36. Qe1 Bxd5 37. Nh4 Qf6 38. Qd1 Be6 39. Qe2 Bd7 40. Qh5 Ne5 41. Qd1 Ndf7 42. Nf3 Bg4 43. Ne4 Qf4 44. Neg5 Qxg5 0-1

[Event "44th Chess Olympiad Open 2022"]
[Site "Chennai"]
[Date "2022.08.07"]
[Round "9.49"]
[White "Nabil Nazar, Mohamed"]
[Black "Rabeea, Sabah Nori"]
[Result "1-0"]
[WhiteElo "1845"]
[BlackElo "2122"]
[Annotator "NA RC"]
[PlyCount "43"]
[EventDate "2022.??.??"]
[TimeControl "60"]

1. d4 d5 2. Bf4 Nf6 3. e3 c5 4. Nf3 Nc6 5. Nbd2 Qb6 6. dxc5 Qxb2 7. Rb1 Qa3 8. Bb5 Bg4 9. O-O e6 10. c4 Be7 11. Qa4 Qxa4 12. Bxa4 Kf8 13. Rxb7 Na5 14. c6 Bxf3 15. Nxf3 Ne4 16. Rfb1 f6 17. cxd5 exd5 18. Rb8+ Kf7 19. c7 Bd6 20. Bxd6 Nxd6 21. Rxa8 Rxa8 22. Rb8 1-0

[Event "44th Chess Olympiad Open 2022"]
[Site "Chennai"]
[Date "2022.08.07"]
[Round "9.50"]
[White "Dornbusch, Tatiana"]
[Black "Alhassadi, Yousef A."]
[Result "1/2-1/2"]
[WhiteElo "2247"]
[BlackElo "2068"]
[Annotator "RC"]
[PlyCount "78"]
[EventDate "2022.??.??"]
[TimeControl "60"]

1. d4 d5 2. c4 e6 3. Nc3 c5 4. cxd5 exd5 5. Nf3 Nc6 6. g3 Nf6 7. Bg2 cxd4 8. Nxd4 Bc5 9. Nxc6 bxc6 10. O-O O-O 11. Na4 Bb6 12. Qc2 Ba6 13. Nxb6 Qxb6 14. Be3 d4 15. Bg5 Nd5 16. Bf3 Rfe8 17. Rfe1 Re5 18. Bf4 Nxf4 19. gxf4 Re6 20. f5 Rh6 21. Kg2 Re8 22. Rac1 Qc7 23. h3 Qf4 24. Rcd1 Qe5 25. Bxc6 Bxe2 26. Bxe8 Qd5+ 27. Kh2 Rxh3+ 28. Kxh3 Qf3+ 29. Kh2 Qxf2+ 30. Kh3 Qf3+ 31. Kh2 Qh5+ 32. Kg3 Qg5+ 33. Kf2 Qe3+ 34. Kg2 Qf3+ 35. Kh2 Qf4+ 36. Kh3 Qh6+ 37. Kg3 Qg5+ 38. Kf2 Qe3+ 39. Kg2 Qf3+ 1/2-1/2

[Event "44th Chess Olympiad Open 2022"]
[Site "Chennai"]
[Date "2022.08.07"]
[Round "9.50"]
[White "Attalib, Osama A."]
[Black "Bagheri, Amir"]
[Result "0-1"]
[WhiteElo "2033"]
[BlackElo "2375"]
[Annotator "RC"]
[PlyCount "92"]
[EventDate "2022.??.??"]
[TimeControl "60"]

1. e4 c6 2. d4 d5 3. Nc3 dxe4 4. Nxe4 Nf6 5. Nxf6+ exf6 6. c3 Bd6 7. Bd3 O-O 8. Be3 Na6 9. Qc2 h6 10. Ne2 Nc7 11. O-O-O Nd5 12. Bd2 Re8 13. h3 b5 14. Kb1 Be6 15. Rhe1 Rb8 16. Bf5 Qd7 17. Bxe6 Rxe6 18. Ng1 Rxe1 19. Rxe1 a5 20. Nf3 a4 21. a3 h5 22. Qe4 f5 23. Qd3 g6 24. Ne5 Bxe5 25. Rxe5 Nb6 26. Bg5 Re8 27. Qe2 Re6 28. Rxe6 Qxe6 29. Qxe6 fxe6 30. b3 Kf7 31. Bd8 Nd5 32. Kb2 Nf4 33. bxa4 bxa4 34. Kc2 Nxg2 35. c4 Nf4 36. h4 Ke8 37. Bf6 Kf7 38. Bd8 Nh3 39. f3 Ng1 40. f4 Ne2 41. Kd3 Nxf4+ 42. Ke3 Nh3 43. Kf3 g5 44. hxg5 Kg6 45. Kg3 Nxg5 46. Kf4 e5+ 0-1

[Event "44th Chess Olympiad Open 2022"]
[Site "Chennai"]
[Date "2022.08.07"]
[Round "9.50"]
[White "Verdier, Patrice"]
[Black "Naser Eldean, Ahmed"]
[Result "1/2-1/2"]
[WhiteElo "2017"]
[BlackElo "1941"]
[Annotator "NA"]
[PlyCount "112"]
[EventDate "2022.??.??"]
[TimeControl "60"]

1. d4 Nf6 2. c4 g6 3. Nc3 Bg7 4. e4 d6 5. f4 O-O 6. Nf3 c5 7. d5 b5 8. e5 dxe5 9. fxe5 Ng4 10. Nxb5 a6 11. Nc3 Nxe5 12. Be2 Nbd7 13. O-O Rb8 14. Qc2 Nxf3+ 15. Bxf3 Ne5 16. Bf4 Nxf3+ 17. Rxf3 Bf5 18. Qd2 e5 19. Be3 Qc8 20. b3 e4 21. Rff1 Be5 22. Rae1 Re8 23. Na4 Bd6 24. Qf2 Qc7 25. Bf4 Rbc8 26. h3 Bd7 27. Bxd6 Qxd6 28. Qxf7+ Kh8 29. Qf6+ Qxf6 30. Rxf6 Bxa4 31. bxa4 Rb8 32. Rxa6 Rb4 33.
Re6 Rxe6 34. dxe6 Kg7 35. Rf1 Rb6 36. Rf7+ Kg8 37. Rc7 Rxe6 38. Rxc5 e3 39. Kf1 Rf6+ 40. Ke2 Rf2+ 41. Kxe3 Rxg2 42. Kf3 Rxa2 43. a5 Kf7 44. Rc7+ Ke6 45. Rxh7 Rxa5 46. Ke4 Kd6 47. h4 Re5+ 48. Kd4 Rf5 49. Rh6 Rf4+ 50. Kd3 Kc5 51. Rxg6 Rxh4 52. Rg5+ Kc6 53. Rd5 Rh1 54. Kc2 Rh3 55. Rd3 Rxd3 56. Kxd3 Kc5 1/2-1/2

[Event "44th Chess Olympiad Open 2022"]
[Site "Chennai"]
[Date "2022.08.07"]
[Round "9.50"]
[White "Abugenda, Nagi"]
[Black "Ribbegren, Karl Johan"]
[Result "1/2-1/2"]
[WhiteElo "1991"]
[BlackElo "2198"]
[Annotator "RC"]
[PlyCount "68"]
[EventDate "2022.??.??"]
[TimeControl "60"]

1. e4 Nf6 2. Nc3 d5 3. exd5 Nxd5 4. Nxd5 Qxd5 5. Nf3 Bg4 6. Be2 e5 7. h3 Bh5 8. O-O Nc6 9. c4 Qe6 10. Re1 O-O-O 11.
Ng5 Qe7 12. Bxh5 Qxg5 13. d4 Qe7 14. d5 g6 15. Qa4 Qb4 16.
Qxb4 Bxb4 17. Bg4+ f5 18. Rf1 Nd4 19. Bd1 Be7 20. Be3 c5 21.
a3 Kc7 22. Re1 Bd6 23. b4 b6 24. Rb1 Rb8 25. Ba4 a5 26. bxa5 bxa5 27. Bd2 Rxb1 28. Rxb1 Ra8 29. Kf1 e4 30. Bc3 Be5 31. Rd1 Kd6 32. Rb1 Kc7 33. Rd1 Kd6 34. Rb1 Kc7 1/2-1/2

[Event "44th Chess Olympiad Open 2022"]
[Site "Chennai"]
[Date "2022.08.07"]
[Round "9.51"]
[White "Wanyama, Harold"]
[Black "Mirzaad, S.wahabuddin"]
[Result "1-0"]
[WhiteElo "2242"]
[BlackElo "1999"]
[Annotator "NA RC"]
[PlyCount "37"]
[EventDate "2022.??.??"]
[TimeControl "60"]

1. d4 d5 2. c4 c6 3. Nc3 Nf6 4. Nf3 e6 5. e3 Nbd7 6. Qc2 b6 7. cxd5 exd5 8.
Bd3 Be7 9. O-O O-O 10. Ne5 Bb7 11. f4 c5 12. Bd2 Rc8 13. Bf5 g6 14. Bh3 Bd6 15. Qa4 Bxe5 16. dxe5 Bc6 17. Qd1 Ne8 18. e6 Ndf6 19. e7 1-0